 Dungeon Crawl Stone Soup version 0.20.0-10-g0535bb4 (webtiles) character file.

2231 anfisbena the Cleaver (level 9, -6/82 HPs)
             Began as a Hill Orc Fighter on June 3, 2017.
             Was an Elder of Uskayaw.
             Mangled by Joseph
             ... wielding a +0 quarterstaff
              (10 damage)
             ... on level 7 of the Dungeon.
             The game lasted 00:05:36 (6960 turns).

anfisbena the Cleaver (Hill Orc Fighter)            Turns: 6960, Time: 00:05:36

Health: -6/82      AC:  6    Str: 24    XL:     9   Next: 36%
Magic:  14/14      EV:  9    Int:  8    God:    Uskayaw [****..]
Gold:   394        SH: 10    Dex: 13    Spells: 8/8 levels left

rFire    . . .     SeeInvis .   a - +0 war axe
rCold    + . .     Gourm    .   c - +0 shield
rNeg     . . .     Faith    .   b - +0 scale mail
rPois    .         Spirit   .   (no helmet)
rElec    .         Reflect  .   (no cloak)
rCorr    .         Harm     .   (no gloves)
MR       .....                  (no boots)
Stlth    ..........             (no amulet)
Regen    0.3/turn               q - ring of protection from cold
MPRegen  0.2/turn               s - +2 ring of evasion

@: mighty
A: no striking features
a: Stomp, Line Pass, Renounce Religion


You were on level 7 of the Dungeon.
You worshipped Uskayaw.
Uskayaw was noncommittal.
You were not hungry.

You visited 2 branches of the dungeon, and saw 8 of its levels.

You collected 394 gold pieces.

Inventory:

Hand Weapons
 a - a +0 war axe (weapon)
Armour
 b - a +0 scale mail (worn)
 c - a +0 shield (worn)
Jewellery
 q - a ring of protection from cold (left hand)
 s - a +2 ring of evasion (right hand)
 H - an uncursed amulet of harm {unknown}
Wands
 z - a wand of digging (17/24)
Scrolls
 i - a scroll of enchant weapon {unknown}
 l - a scroll of teleportation {unknown}
 o - a scroll of fog {unknown}
 r - a scroll of enchant armour {unknown}
 t - a scroll of magic mapping {unknown}
 v - 4 scrolls of amnesia {unknown}
 x - 8 scrolls of remove curse {unknown}
 y - 3 scrolls of identify {unknown}
 B - 2 scrolls of recharging {unknown}
Potions
 d - a potion of might
 e - 3 potions of heal wounds {unknown}
 h - 4 potions of flight {unknown}
 j - a potion of magic {unknown}
 k - a potion of haste
 n - a potion of degeneration {unknown}
 p - 5 potions of curing {unknown}
 u - a potion of berserk rage {unknown}
 w - a potion of lignification {unknown}
 A - a potion of mutation {unknown}
Books
 E - a book of Misfortune

   Spells                             Type                      Level
   a - Confusing Touch                Hexes                        1
   b - Confuse                        Hexes                        3
   c - Gell's Gravitas                Translocation                3
   d - Petrify                        Transmutation/Earth          4
   e - Metabolic Englaciation         Hexes/Ice                    5
   f - Yara's Violent Unravelling     Hexes/Transmutation          5
 F - a book of Changes

   Spells                             Type                      Level
   a - Beastly Appendage              Transmutation                1
   b - Sticks to Snakes               Transmutation                2
   c - Spider Form                    Transmutation/Poison         3
   d - Ice Form                       Ice/Transmutation            4
   e - Blade Hands                    Transmutation                5
 G - a book of Conjurations

   Spells                             Type                      Level
   a - Magic Dart                     Conjuration                  1
   b - Searing Ray                    Conjuration                  2
   c - Dazzling Spray                 Conjuration/Hexes            3
   d - Fulminant Prism                Conjuration/Hexes            4
   e - Force Lance                    Conjuration/Translocation    4
   f - Iskenderun's Mystic Blast      Conjuration                  4
Comestibles
 f - 3 bread rations
 g - 4 royal jellies
 m - 7 meat rations
 C - 2 fruits
 D - 5 chunks of flesh


   Skills:
 + Level 8.9 Fighting
 * Level 11.1 Axes
 - Level 3.2 Armour
 - Level 3.2 Shields
 + Level 7.2 Invocations


You had 8 spell levels left.
You didn't know any spells.

Dungeon Overview and Level Annotations

Branches:
Dungeon (7/15)             Temple (1/1) D:4

Altars:
Ashenzari
Cheibriados
Dithmenos
Elyvilon
Fedhas
Gozag
Hepliaklqana
Kikubaaqudgha
Makhleb
Nemelex Xobeh
Okawaru
Qazlal
Ru
Sif Muna
Trog
Uskayaw
Vehumet
Xom
Yredelemnul
Zin
The Shining One

Shops:
D:4 !   D:7 *

Annotations:
D:7 Joseph


Message History

You slash the orc warrior!
Joseph is no longer paralysed.
Joseph hits you but does no damage.
The helpless orc warrior fails to defend itself.
You slash the orc warrior!
The orc warrior is severely wounded.
You hit Joseph.
Joseph hits you with an uncursed quarterstaff!
* * * LOW HITPOINT WARNING * * *
Uskayaw will force your foes to share their pain.
Uskayaw links your audience in an emotional bond!
The helpless orc warrior fails to defend itself.
You slash the orc warrior!
You kill the orc warrior!
You closely miss Joseph.
Joseph hits you with an uncursed quarterstaff!
* * * LOW HITPOINT WARNING * * *
You feel very mighty all of a sudden. The orc hits you but does no damage.
Joseph hits you with an uncursed quarterstaff!
You die...

..?.. ###.#.#.# .....#.# . #
....... # ...#. ..#.#...#.# .#
...... ........#o##.#### ##
........ ......<.#o##........
#...#..# ..#.##@@#)##..###.##
#...#..# ..#.##.#o...........
....#..##................#.##
......................(......
.>.....<.....................
.........#.#.##..####....#.#.
............................#
#...#....................#..#..
.............###.####.#..#.....


You could see Joseph and an orc.

Vanquished Creatures
  Sigmund (D:6)
  Menkaure (D:4)
  An ice beast (D:6)
  An orc warrior (D:7)
  A sky beast (D:7)
  2 centaurs (D:5)
  5 ogres
  4 bullfrogs
  A howler monkey (D:4)
  A bullfrog zombie (D:6)
  5 crimson imps
  2 jellies (D:5)
  3 orc wizards
  2 hounds
  An iguana (D:5)
  6 worker ants
  A hound zombie (D:6)
  7 adders
  A howler monkey skeleton (D:6)
  2 shadow imps (D:5)
  An ooze (D:1)
  An adder skeleton (D:4)
  An adder zombie (D:6)
  2 worms (D:4)
  2 dart slugs
  5 leopard geckos
  14 orcs
  2 ball pythons
  3 giant cockroaches
  12 goblins
  8 hobgoblins
  5 jackals
  2 quokkas
  A ball python skeleton (D:4)
  6 bats
  2 frilled lizards
  2 jackal skeletons
  7 kobolds
  2 quokka skeletons
  9 rats
135 creatures vanquished.

Notes
Turn   | Place    | Note
-------+----------+-------------------------------------------
     0 | D:1      | anfisbena the Hill Orc Fighter began the quest for the Orb.
     0 | D:1      | Reached XP level 1. HP: 19/19 MP: 1/1
    96 | D:1      | Reached skill level 3 in Axes
   148 | D:1      | Reached XP level 2. HP: 24/27 MP: 2/2
   355 | D:1      | Reached XP level 3. HP: 5/34 MP: 3/3
  1088 | D:2      | Reached skill level 4 in Axes
  1171 | D:2      | Found a shadowy altar of Dithmenos.
  1502 | D:2      | Reached XP level 4. HP: 41/41 MP: 4/4
  1620 | D:2      | Reached skill level 5 in Fighting
  2158 | D:3      | Found an ancient bone altar of Kikubaaqudgha.
  2159 | D:3      | Found a hazy altar of Hepliaklqana.
  2198 | D:3      | Found a faded altar of an unknown god.
  2371 | D:3      | Found a burning altar of Makhleb.
  2437 | D:3      | Reached skill level 5 in Axes
  2437 | D:3      | Reached XP level 5. HP: 42/48 MP: 5/5
  2896 | D:4      | Found a staircase to the Ecumenical Temple.
  2983 | Temple   | Entered the Ecumenical Temple
  3172 | Temple   | Became a worshipper of Uskayaw the Reveler
  3224 | D:4      | Found Peucvoos's Distillery.
  3250 | D:4      | Found a bloodstained altar of Trog.
  3261 | D:4      | Reached * piety under Uskayaw
  3331 | D:4      | Noticed an ogre
  3335 | D:4      | Reached ** piety under Uskayaw
  3336 | D:4      | Killed an ogre
  3336 | D:4      | Reached skill level 1 in Invocations
  3336 | D:4      | Reached XP level 6. HP: 57/57 MP: 5/7
  3382 | D:4      | Reached skill level 6 in Axes
  3703 | D:4      | Reached XP level 7. HP: 64/64 MP: 7/9
  4077 | D:4      | Noticed Menkaure
  4083 | D:4      | Killed Menkaure
  4083 | D:4      | Reached skill level 7 in Axes
  4253 | D:5      | Entered Level 5 of the Dungeon
  4341 | D:5      | Reached *** piety under Uskayaw
  4533 | D:5      | Reached skill level 8 in Axes
  4711 | D:5      | Reached XP level 8. HP: 44/73 MP: 11/11
  5238 | D:5      | Reached skill level 5 in Invocations
  5357 | D:5      | Reached skill level 9 in Axes
  5912 | D:6      | Reached **** piety under Uskayaw
  5951 | D:6      | Reached skill level 10 in Axes
  6040 | D:6      | Reached XP level 9. HP: 82/82 MP: 13/13
  6049 | D:6      | Noticed Sigmund
  6066 | D:6      | Killed Sigmund
  6552 | D:6      | Found a deep blue altar of Sif Muna.
  6832 | D:7      | Reached skill level 11 in Axes
  6900 | D:7      | Found Jiarexi's Assorted Antiques.
  6943 | D:7      | Noticed Joseph
  6959 | D:7      | HP: 4/82 [Joseph/uncursed quarterstaff (11)]
  6960 | D:7      | Mangled by Joseph

Skill      XL: |  1  2  3  4  5  6  7  8  9 |
---------------+----------------------------+-----
Axes           | 3 4 5 6 8 10 11 | 11.1
Fighting       | 4 5 6 7 8 |  8.9
Invocations    | 1 3 4 6 7 |  7.2
Armour         | |  3.2
Shields        | |  3.2

Action                   |  1- 3 |  4- 6 |  7- 9 || total
-------------------------+-------+-------+-------++-------
Melee: War axe           |   109 |   177 |   212 ||   498
  Use: Potion            |       |       |     1 ||     1
 Stab: Paralysed         |       |       |     7 ||     7
  Eat: Chunk             |     2 |     7 |    11 ||    20
Armor: Scale mail        |    37 |    48 |    63 ||   148
Dodge: Dodged            |    41 |    85 |    68 ||   194
Block: Shield            |    63 |    93 |    99 ||   255
